cohdb
Replays
Latest Replays
All Replays
Popular Replays
Top Player Replays
Match Explorer
How It Works
Community
CoH3 Stats
Reddit
Sign in to upload your games and track your stats! →
Sign in with Steam
Match 31417179
Unlisted
Match 31417179
Overview
Messages
Build Orders
End
Construct Barracks
Selects Advanced Infantry Battlegroup
Riflemen Squad
Riflemen Squad
Riflemen Squad
1⁄4-ton 4x4 Truck
Infantry Support Center
M1 Mortar Team
Selects Convert to Ranger Squad
Construct Motor Pool
M1 Anti-tank Gun Team
Selects Frontline Medical Station
Frontline Medical Station
M1918 Browning Automatic Rifles
M1 Anti-tank Gun Team
Grenade Package
Frontline Medical Station
UMirinBrah?
UnbreakableFr
Deep Abyss Inc.
Freiheit
Shai-Los Pollos Hermanos
BES2
Sandro67891
咖喱
0
0
Comments
sign in to comment!
No comments posted yet!